 Dungeon Crawl Stone Soup version 0.29-a0-632-g781b4ac09e (webtiles) character file.

Game seed: 7553366563965932222

396 Bnni the Grave Robber (level 6, -13/45 HPs)
             Began as a Demonspawn Necromancer on June 19, 2022.
             Killed by divine providence
             ... invoked by an orc priest
              (16 damage)
             ... on level 4 of the Dungeon.
             The game lasted 00:10:43 (4088 turns).

Bnni the Grave Robber (Demonspawn Necromancer)      Turns: 4088, Time: 00:10:44

Health: -13/45     AC:  7    Str: 10    XL:     6   Next: 52%
Magic:  0/11       EV: 13    Int: 16    God:
Gold:   193        SH:  4    Dex: 14    Spells: 3/11 levels left

rFire   . . .      SeeInvis +   t - +4 club
rCold   . . .      Faith    .   r - +0 buckler
rNeg    . . .      Spirit   .   a - +0 leather armour
rPois   .          Reflect  .   (helmet unavailable)
rElec   .          Harm     .   (no cloak)
rCorr   .          Rampage  .   (no gloves)
Will    .....                   (no boots)
Stlth   ++........              (no amulet)
HPRegen 0.15/turn               u - +4 ring of protection
MPRegen 0.12/turn               (no ring)

@: no status effects
A: antennae 3, repulsion field 1
a: no special abilities


You were on level 4 of the Dungeon.
You visited 1 branch of the dungeon, and saw 4 of its levels.

You collected 193 gold pieces.

Inventory:

Hand Weapons
 o - a +0 spear
 t - a +4 club (weapon)
Armour
 a - a +0 leather armour (worn)
 r - a +0 buckler (worn)
Jewellery
 u - a +4 ring of protection (left hand)
Wands
 b - a wand of iceblast (9)
 g - a wand of charming (5)
Scrolls
 c - a scroll of magic mapping {unknown}
 e - 2 scrolls of silence {unknown}
 f - 2 scrolls of immolation {unknown}
 i - 2 scrolls of enchant armour {unknown}
 j - 5 scrolls of identify {unknown}
 k - 2 scrolls of fear {unknown}
 l - 2 scrolls of fog {unknown}
 s - a scroll of vulnerability {unknown}
Potions
 d - 3 potions of mutation {unknown}
 h - a potion of cancellation {unknown}
 m - 2 potions of curing {unknown}
 n - a potion of attraction {unknown}
 p - a potion of resistance {unknown}
 q - a potion of haste {unknown}


   Skills:
 + Level 2.3 Fighting
 - Level 1.7 Dodging
 - Level 1.7 Stealth
 * Level 2.5 Shields
 + Level 3.3 Spellcasting
 * Level 6.5 Necromancy


You had 3 spell levels left.
You knew the following spells:

 Your Spells              Type           Power      Damage    Failure   Level
a - Necrotize             Necr           92%        1d8       2%          1
c - Vampiric Draining     Necr           23%        2d7       7%          3
d - Animate Dead          Necr           23%        N/A       22%         4

Your spell library contained the following spells:

 Spells                   Type           Power      Damage    Failure   Level
 Blink                    Tloc           4%         N/A       43%         2
 Agony                    Necr           23%        N/A       52%         5
 Manifold Assault         Tloc           2%         N/A       100%        5
 Storm Form               Tmut/Air       1%         N/A       100%        7


Dungeon Overview and Level Annotations

Branches:
Dungeon (4/15)
 Temple: D:4-7

Altars:
Ashenzari


Innate Abilities, Weirdness & Mutations

You have a pair of large antennae on your head. (SInv)
You are surrounded by a mild repulsion field. (EV +2)


Message History

Your hound skeleton bites the orc priest.
The orc priest hits your hound skeleton with a +0 dagger.
Your hound skeleton bites the orc priest.
Items here: ( )) [.
Casting: Vampiric Draining (dangerous; 7% risk of failure)
Confirm with . or Enter, or press ? or * to list all spells.
You can't see any susceptible monsters within range! (Use Z to cast anyway.) Unknown command.
Things that are here:
a +0 dagger; a +0 robe An orc priest is nearby!
The orc priest calls down the wrath of Beogh upon you.
Beogh smites you!
* * * LOW HITPOINT WARNING * * *
Your hound skeleton bites the orc priest.
There is a broken door here.
Things that are here:
a +0 dagger; a +0 robe Your hound skeleton crumbles into dust!
The orc priest hits you with a +0 dagger.
* * * LOW HITPOINT WARNING * * *
Casting: Vampiric Draining (dangerous; 7% risk of failure)
Confirm with . or Enter, or press ? or * to list all spells.
Aiming: Vampiric Draining (dangerous; 7% risk of failure)
Press: ? - help, Shift-Dir - straight line, f/p - orc priest
Aim: an orc priest, wielding a +0 dagger (moderately wounded)
You draw life force from the orc priest.
You feel life coursing into your body.
The orc priest calls down the wrath of Beogh upon you.
Pain shoots through your body!
* * * LOW HITPOINT WARNING * * *
Okay, then.
You barely miss the orc priest.
The orc priest is heavily wounded.
The orc priest hits you but does no damage. x2
You hit the orc priest.
The orc priest is severely wounded.
The orc priest mumbles some strange prayers to Beogh against you.
Beogh smites you!
You die...

#. ######### #.
........# #. ........#
#. ........###### ...
........#....# ...
........#....# ...
...$....#....# ...
.......@#)...## ########
......o.))....# #.......
.....####.....###.......
.... #.........##.......
#.. #.......#.##.......
## #.......#.##.......
#.......#..#.......
+.......+..........
#.......##.#####.##


You could see an orc priest.

Vanquished Creatures
  An orc priest (D:3)
  2 hounds (D:4)
  Ijyb (D:3)
  Terence (D:3)
  3 orc wizards
  Natasha (twice) (D:3)
  4 adders
  A worm (D:3)
  A dart slug (D:3)
  6 orcs (D:3)
  6 endoplasms
  3 giant cockroaches
  7 goblins
  7 hobgoblins
  4 jackals
  A quokka (D:1)
  4 ball pythons
  5 bats
  6 frilled lizards
  3 kobolds
  6 rats
74 creatures vanquished.

Vanquished Creatures (collateral kills)
  Natasha (D:3)
  An orc (D:4)
  An endoplasm (D:1)
  A jackal (D:3)
4 creatures vanquished.

Vanquished Creatures (others)
  A goblin zombie (D:3)
1 creature vanquished.

Grand Total: 79 creatures vanquished

Notes
Turn   | Place    | Note
-------+----------+-------------------------------------------
     0 | D:1      | Bnni the Demonspawn Necromancer began the quest for the
                  | Orb.
     0 | D:1      | Reached XP level 1. HP: 13/13 MP: 3/3
   318 | D:1      | Gained mutation: You are surrounded by a mild repulsion
                  | field. (EV +2) [demonic ancestry]
   318 | D:1      | Reached XP level 2. HP: 19/19 MP: 1/5
   776 | D:1      | Reached skill level 5 in Necromancy
  1158 | D:2      | Found a broken altar of Ashenzari.
  1205 | D:2      | Gained mutation: You have a pair of small antennae on your
                  | head. [demonic ancestry]
  1205 | D:2      | Reached XP level 3. HP: 23/24 MP: 2/6
  1459 | D:2      | Noticed a floating eye
  1461 | D:2      | Found a faded altar of an unknown god.
  1464 | D:2      | Noticed a golden eye
  1480 | D:2      | Noticed a floating eye
  1515 | D:2      | Noticed a floating eye
  1670 | D:2      | Learned a level 3 spell: Vampiric Draining
  1963 | D:3      | Noticed Natasha
  2210 | D:3      | Killed Natasha
  2211 | D:3      | Reached skill level 1 in Fighting
  2211 | D:3      | Gained mutation: You have a pair of antennae on your head.
                  | [demonic ancestry]
  2211 | D:3      | Reached XP level 4. HP: 18/32 MP: 0/8
  2478 | D:3      | Noticed Ijyb
  2552 | D:3      | Learned a level 4 spell: Animate Dead
  2923 | D:3      | Killed Ijyb
  2924 | D:3      | Reached skill level 1 in Shields
  2924 | D:3      | Gained mutation: You have a pair of large antennae on your
                  | head. (SInv) [demonic ancestry]
  2924 | D:3      | Reached XP level 5. HP: 17/37 MP: 5/9
  3114 | D:3      | Noticed Natasha
  3123 | D:3      | Killed Natasha
  3140 | D:3      | Your ally Ijyb died
  3404 | D:3      | Noticed Terence
  3418 | D:3      | Killed Terence
  3419 | D:3      | Reached skill level 6 in Necromancy
  3802 | D:3      | Noticed Natasha
  3809 | D:3      | Killed Natasha
  3810 | D:3      | Reached XP level 6. HP: 34/44 MP: 6/10
  4088 | D:4      | Killed from afar by an orc priest

Illustrated notes

Levels and vault maps discovered:
D:1:      onia_arrival_mini_spirals, layout_basic
D:2:      layout_basic, hellmonk_ecumenical_altar_watching_god, basic_altar
D:3:      layout_basic, minmay_ruptured, uniq_natasha, uniq_terence, uniq_ijyb
D:4:      layout_basic, minmay_temple_entry_antechambers

Skill      XL: |  1  2  3  4  5 |
---------------+----------------+-----
Necromancy     | 5 6 |  6.5
Fighting       | 1 2 |  2.3
Shields        | 1 2 |  2.5
Spellcasting   | 3 |  3.3
Dodging        | |  1.7
Stealth        | |  1.7

Action                   |  1- 3 |  4- 6 || total
-------------------------+-------+-------++-------
Melee: Unarmed           |    12 |       ||    12
       Hand axe          |    19 |       ||    19
       Punch             |     1 |       ||     1
       Spear             |    26 |    28 ||    54
       Club              |       |    78 ||    78
 Cast: Necrotize         |    28 |    28 ||    56
       Vampiric Draining |     1 |    10 ||    11
       Animate Dead      |       |     1 ||     1
  Use: Potion            |       |     1 ||     1
 Stab: Sleeping          |     1 |     2 ||     3
Armor: Robe              |     2 |       ||     2
       Ring mail         |    10 |       ||    10
       Leather armour    |     1 |    35 ||    36
Dodge: Dodged            |    52 |    98 ||   150
Block: Buckler           |       |    16 ||    16

Table legend: (Time is in decaauts)
 A = Elapsed time spent in this place.
 B = Non-inter-level travel time spent in this place.
 C = Inter-level travel time spent in this place.
 D = Time resting spent in this place.
 E = Time spent auto-exploring this place.
 F = Levels seen in this place.
 G = Mean time per level.
                   A        B        C        D        E       F      G
               +--------+--------+--------+--------+--------+-----+--------+
         Total |   4132 |   4046 |     86 |    461 |   2829 |   4 | 1033.0 |
       Dungeon |   4132 |   4046 |     86 |    461 |   2829 |   4 | 1033.0 |
               +--------+--------+--------+--------+--------+-----+--------+

Top non-repeatable levels by time:
     D:3: 1683 daAuts
     D:1: 1137 daAuts
     D:2: 1057 daAuts
     D:4: 254 daAuts
